Map: Thunderbird LE

Players

StarFoxX

  • Race: Protoss Protoss
  • League: Diamond
  • Spawn Location: 11:00

eXile - Winner!

  • Race: Zerg Zerg
  • League: Diamond
  • Spawn Location: 5:00

VOD

Have the link to the VOD?

Description

Time

  • Played on: July 27, 2019, 2:18 p.m.
  • Length: 6:54
Show
View Real Time Build Order
Export as new Build Order

StarFoxX Protoss 

Build Orders:  

Get SALT Encoding   

  12  0:06  Probe  
  13  0:18  Probe  
  14  0:30  Probe  
  15  0:49  Pylon  
  15  1:07  Probe  
  15  1:09  Gateway  
  16  1:11  Gateway  
  16  1:17  Gateway  
  16  1:20  Probe  
  16  1:21  Gateway  
  17  1:28  Pylon  
  17  1:49  Zealot  
  17  1:51  Zealot  
  17  2:01  Zealot  
  21  2:08  Zealot  
  25  2:15  Zealot  
  25  2:16  Zealot  
  25  2:21  Zealot  
  29  2:27  Pylon  
  31  2:43  Pylon  
  31  2:45  Zealot  
  33  2:58  Zealot x3  
  33  3:07  Zealot  
  31  3:25  Zealot x3  
  35  3:31  Zealot  
  37  3:52  Zealot  
  39  3:59  Nexus  
  39  4:05  Assimilator  
  39  4:11  Assimilator  
  39  4:31  Cybernetics Core  
  38  4:56  Zealot x2  
  38  4:57  Probe  
  38  4:59  Nexus  
  43  5:01  Pylon  
  43  5:10  Probe  
  44  5:22  Probe  
  44  5:24  Shield Battery  
  45  5:34  Probe  
  46  5:42  Stargate  
  46  5:46  Probe  
  47  5:58  Probe  
  48  6:10  Probe  
  49  6:13  Shield Battery  
  49  6:16  Assimilator  
  33  6:22  Probe  
Show
View Real Time Build Order
Export as new Build Order

eXile Zerg - Winner!

Build Orders: Hatch First 

Get SALT Encoding   

  12  0:01  Drone  
  13  0:13  Overlord  
  13  0:20  Drone  
  14  0:32  Drone x2  
  16  0:50  Hatchery  
  16  0:54  Drone  
  16  0:57  Drone  
  17  1:08  Extractor  
  16  1:13  Spawning Pool  
  15  1:20  Drone x2  
  15  1:23  Drone  
  18  1:35  Drone  
  19  1:43  Overlord  
  19  2:01  Queen  
  19  2:02  Queen  
  19  2:03  Zergling x2  
  19  2:04  Zergling x2  
  19  2:08  Zergling x2  
  26  2:14  Metabolic Boost  
  26  2:24  Zergling x6  
  26  2:28  Extractor  
  28  2:36  Spine Crawler  
  27  2:46  Zergling x8  
  31  2:57  Zergling x4  
  28  3:03  Zergling x2  
  27  3:13  Zergling x4  
  26  3:27  Drone x2  
  28  3:33  Queen  
  30  3:35  Zergling x6  
  33  3:42  Spine Crawler  
  33  3:47  Drone  
  33  3:48  Drone  
  34  3:53  Drone  
  35  4:01  Evolution Chamber  
  34  4:11  Zergling x2  
  34  4:13  Overlord  
  35  4:25  Overlord x2  
  35  4:27  Zerg Melee Weapons Level 1  
  35  4:41  Zergling x2  
  35  4:42  Zergling x8  
  39  4:55  Baneling Nest  
  39  4:56  Queen  
  39  4:59  Drone  
  43  5:28  Drone x4  
  43  5:29  Drone x4  
  49  5:45  Baneling x2  
  49  5:46  Baneling x7  
  49  5:50  Overlord  
  49  6:00  Hatchery  
  44  6:24  Drone x2  
  44  6:25  Drone x5  
  51  6:26  Zergling x10  
  56  6:42  Drone x2  
Tags
 
Add a new tag
Caveats
  • Supply blocks, unpowered buildings, or Contaminate may cause inaccurate times.
  • Supply counts are checked every 10 seconds.